 Dungeon Crawl Stone Soup version 0.23.2 (webtiles) character file.

Game seed: 2460931313688755941

212 Menchi the Skirmisher (level 5, -4/47 HPs)
             Began as a Ghoul Fighter on Apr 7, 2019.
             Slain by a gnoll
             ... wielding a +0 halberd
              (13 damage)
             ... on level 3 of the Dungeon.
             The game lasted 00:04:08 (2117 turns).

Menchi the Skirmisher (Ghoul Fighter)               Turns: 2117, Time: 00:04:09

Health: -4/47      AC:  6    Str: 20    XL:     5   Next: 90%
Magic:  4/4        EV:  9    Int:  4    God:
Gold:   149        SH:  0    Dex:  8    Spells: 4/4 levels left

rFire    . . .     SeeInvis .   a - +0 war axe
rCold    + . .     Gourm    .   (no shield)
rNeg     + + +     Faith    .   b - +0 scale mail
rPois    ∞         Spirit   .   (no helmet)
rElec    .         Reflect  .   (no cloak)
rCorr    .         Harm     .   (no gloves)
MR       .....                  (no boots)
Stlth    ..........             (no amulet)
HPRegen  0.00/turn              (no ring)
MPRegen  0.09/turn              (no ring)

@: rotting
A: rotting body, claws 1, carnivore, cold resistance 1, negative energy
resistance 3, inhibited regeneration, torment resistance, unbreathing
a: no special abilities


You were on level 3 of the Dungeon.
You were not hungry.

You visited 1 branch of the dungeon, and saw 3 of its levels.

You collected 149 gold pieces.

Inventory:

Hand Weapons
 a - a +0 war axe (weapon)
Armour
 b - a +0 scale mail (worn)
Wands
 p - a wand of polymorph (5)
Scrolls
 e - 3 scrolls of identify {unknown}
 g - 2 scrolls of fog {unknown}
 i - a scroll of random uselessness {unknown}
 j - a scroll of blinking {unknown}
 k - a scroll of noise {unknown}
 o - a scroll of remove curse {unknown}
 q - 2 scrolls of enchant armour {unknown}
 s - a scroll of magic mapping {unknown}
 t - a scroll of teleportation {unknown}
Potions
 c - a potion of haste {unknown}
 h - a potion of berserk rage {unknown}
 l - a potion of curing {unknown}
 m - a potion of agility {unknown}
 n - a potion of magic {unknown}
 r - a potion of heal wounds {unknown}
 u - a potion of mutation {unknown}
Comestibles
 d - a chunk of flesh
 f - 3 rations


   Skills:
 * Level 4.8 Fighting
 * Level 4.3 Axes
 - Level 2.6 Armour
 + Level 0.7 Dodging
   Level 2.6 Shields


You had 4 spell levels left.
You didn't know any spells.
Your spell library was empty.

Dungeon Overview and Level Annotations

Branches:
Dungeon (3/15)

Altars:
Zin
The Shining One


Innate Abilities, Weirdness & Mutations

Your body is rotting away.
You thrive on raw meat.
You are immune to poison.
You have sharp fingernails.
You are carnivorous and can eat meat at any time.
Your flesh is cold resistant. (rC+)
You are immune to negative energy. (rN+++)
You do not regenerate when monsters are visible.
You are immune to unholy pain and torment.
You can survive without breathing.


Message History

The gnoll is almost dead.
The gnoll hits you from afar with a +0 halberd.
The gnoll hits you. The gnoll closely misses you.
You slash the gnoll!
You kill the gnoll!
The gnoll completely misses you.
Eat one of 3 chunks of flesh? (ye/n/q)
You eat one of the 3 chunks of flesh.
This raw flesh tastes great!
Eat one of 2 chunks of flesh? (ye/n/q)
You eat one of the 2 chunks of flesh.
This raw flesh tastes great!
The gnoll barely misses you. The gnoll hits you with a +0 halberd!
The gnoll barely misses you.
Things that are here:
a cursed +0 club; a gnoll corpse x2
You closely miss the gnoll. The gnoll hits you with a +0 halberd!
* * * LOW HITPOINT WARNING * * *
The gnoll barely misses you.
Your scale mail prevents you from hitting the gnoll.
The gnoll hits you with a +0 halberd!
You die...

# #....(... # #........
#........ # #........ #
#........ #### # #........
.).## #. #........
.#..####.#########........
#..#_#..........@gg.......
..#.####......#######.........#
#..##.##......### #.........#
#####.##......#<# #.........#
#...#.##......#.# #......<..#
#..##.##......#.# #.........#
.......#......#.# #.........#
#.#.#..#......#.#####.........#
#.#.#..#......................#


You could see 2 gnolls.

Vanquished Creatures
  An orc wizard (D:3)
  Terence (D:2)
  6 gnolls (D:3)
  3 adders
  5 leopard geckos
  8 orcs (D:3)
  4 giant cockroaches
  5 goblins
  6 hobgoblins
  6 kobolds
  3 quokkas
  11 bats
  6 frilled lizards
  2 rats (D:1)
67 creatures vanquished.

Notes
Turn   | Place    | Note
-------+----------+-------------------------------------------
     0 | D:1      | Menchi the Ghoul Fighter began the quest for the Orb.
     0 | D:1      | Reached XP level 1. HP: 19/19 MP: 0/0
    91 | D:1      | Reached XP level 2. HP: 18/27 MP: 1/1
   253 | D:1      | Reached XP level 3. HP: 26/33 MP: 2/2
   792 | D:2      | Found a glowing silver altar of Zin.
   974 | D:2      | Noticed Terence
   982 | D:2      | Killed Terence
   982 | D:2      | Reached XP level 4. HP: 33/41 MP: 3/3
  1425 | D:3      | Reached XP level 5. HP: 9/46 MP: 4/4
  1654 | D:3      | Found a glowing golden altar of the Shining One.
  2117 | D:3      | Slain by a gnoll

Skill      XL: |  1  2  3  4  5 |
---------------+----------------+-----
Axes           | 2 3 4 |  4.3
Fighting       | 4 |  4.8
Armour         | |  2.6
Dodging        | |  0.7
Shields        | |  2.6

Action                   |  1- 3 |  4- 6 || total
-------------------------+-------+-------++-------
Melee: War axe           |   105 |   131 ||   236
  Use: Potion            |       |     1 ||     1
  Eat: Chunk             |    12 |    22 ||    34
Armor: Scale mail        |    86 |    71 ||   157
Dodge: Dodged            |    79 |    75 ||   154
